 Dungeon Crawl Stone Soup version 0.20.1-1-g8b1a95d (webtiles) character file.

9760 KoningWillie the Cleaver (level 11, -2/102 HPs)
             Began as a Minotaur Fighter on Oct 25, 2017.
             Was an Elder of Trog.
             Slain by an ogre
             ... wielding a +0 giant spiked club
              (17 damage)
             ... on level 10 of the Dungeon.
             The game lasted 00:22:56 (12734 turns).

KoningWillie the Cleaver (Minotaur Fighter)        Turns: 12734, Time: 00:22:58

Health: -2/102     AC: 18    Str: 26    XL:     11   Next: 27%
Magic:  10/10      EV:  4    Int:  5    God:    Trog [****..]
Gold:   501        SH:  0    Dex: 13    Spells: 10/10 levels left

rFire    + . .     SeeInvis .   a - +2 war axe
rCold    . . .     Gourm    .   (no shield)
rNeg     . . .     Faith    .   g - +0 plate armour
rPois    +         Spirit   .   k - +0 hat
rElec    .         Reflect  .   j - +0 cloak
rCorr    .         Harm     .   (no gloves)
MR       .....                  p - +0 pair of boots
Stlth    ..........             (no amulet)
Regen    0.3/turn               w - ring of the Bruised Eyes {rPois rF+ EV-4 Dex+2}
MPRegen  0.2/turn               y - +3 ring of strength

@: no status effects
A: retaliatory headbutt, horns 2
a: Berserk, Trog's Hand, Brothers in Arms, Burn Spellbooks, Renounce Religion


You were on level 10 of the Dungeon.
You worshipped Trog.
Trog was greatly pleased with you.
You were very full.

You visited 1 branch of the dungeon, and saw 11 of its levels.
You also visited: Ossuary.

You collected 501 gold pieces.

Inventory:

Hand Weapons
 a - a +2 war axe (weapon)
Armour
 g - a +0 plate armour (worn)
 j - a +0 cloak (worn)
 k - a +0 hat (worn)
 p - a +0 pair of boots (worn)
Jewellery
 e - an uncursed ring of protection from fire
 l - an uncursed amulet of rage
 r - an uncursed ring of flight
 w - the ring of the Bruised Eyes (left hand) {rPois rF+ EV-4 Dex+2}
   (You took it off a crimson imp on level 9 of the Dungeon)

   [ring of evasion]

   It affects your evasion (-4).
   It affects your dexterity (+2).
   It protects you from fire.
   It protects you from poison.
 y - a +3 ring of strength (right hand)
 A - an uncursed amulet of rage
Wands
 b - a wand of acid (6/15)
 f - a wand of confusion (20/48)
 B - a wand of flame (31/48)
 F - a wand of lightning (5/15)
 I - a wand of acid (9/15)
Scrolls
 i - 10 scrolls of remove curse
 t - 2 scrolls of magic mapping
 u - 3 scrolls of teleportation
 z - 3 scrolls of enchant weapon
 J - a scroll of recharging
Potions
 c - 3 potions of brilliance
 d - 3 potions of might
 m - a potion of berserk rage
 n - a potion of haste
 o - 2 potions of heal wounds
 q - 7 potions of curing
 s - a potion of ambrosia {unknown}
 v - a potion of resistance {unknown}
 x - a potion of agility {unknown}
 C - a potion of mutation {unknown}
 D - a potion of magic {unknown}
 E - 2 potions of flight
Comestibles
 h - a royal jelly
 G - a meat ration


   Skills:
 * Level 11.5 Fighting
 + Level 12.8 Axes
 * Level 12.7 Armour
   Level 3.6 Shields
 + Level 0.3 Evocations


You had 10 spell levels left.
You didn't know any spells.

Dungeon Overview and Level Annotations

Branches:
Dungeon (11/15)            Temple (0/1) D:5            Lair (0/6) D:9
    Orc: D:9-12

Altars:
Ashenzari
Cheibriados
Gozag
Makhleb
Nemelex Xobeh
Okawaru
Ru
Sif Muna
Trog
Vehumet
Yredelemnul
The Shining One

Annotations:
D:10 KrissDaBro's ghost, novice TrWr


Innate Abilities, Weirdness & Mutations

You reflexively headbutt those who attack you in melee.
You have a pair of horns on your head.


Message History

Trog accepts your kill.
You hit the ogre. You miss the killer bee. The killer bee stings you.
* * * LOW HITPOINT WARNING * * *
The ogre barely misses you.
You feel sick.
You are no longer poisoned.
The killer bee stings you but does no damage.
You see here a killer bee corpse.
The killer bee stings you but does no damage.
The killer bee stings you.
* * * LOW HITPOINT WARNING * * *
The ogre hits you with a giant spiked club!
* * * LOW HITPOINT WARNING * * *
You slash the ogre! You headbutt the ogre.
The ogre is almost dead.
You hit the killer bee. The killer bee barely misses you.
You furiously retaliate!
You headbutt the killer bee!
The killer bee stings you but does no damage.
The ogre hits you with a giant spiked club!
You die...

'#.'.o ..≈#(..
.≈##### ### .≈≈
..# #.#
######.####
###.........####
#......y........
#.#)..O@†...###
#.....(...#
#.........#
###########


You could see an ogre and a killer bee.

Vanquished Creatures
  A two-headed ogre (D:9)
  2 manticores
  2 kobold demonologists (D:11)
  A troll (D:9)
  A hornet (D:8)
  Prince Ribbit (D:7)
  3 hippogriffs (D:9)
  A shadow (D:11)
  A water elemental (D:11)
  Grum (D:9)
  2 yaks (D:11)
  3 water moccasins
  2 porcupines (D:9)
  2 ice beasts
  2 black bears (D:9)
  4 sky beasts
  3 orc warriors
  2 phantoms
  3 wolves (D:9)
  9 centaurs
  3 ogres
  A hornet zombie (D:8)
  An elf zombie (Ossuary)
  4 big kobolds
  A bullfrog (D:7)
  2 wyvern zombies
  4 scorpions
  A water moccasin skeleton (D:8)
  6 killer bees
  A howler monkey (D:4)
  6 crimson imps
  4 centaur zombies (Ossuary)
  2 jellies
  8 orc priests
  2 bullfrog skeletons
  6 hounds
  6 orc wizards
  3 iguanas
  13 worker ants
  A killer bee zombie (D:7)
  An ogre zombie (Ossuary)
  A hound zombie (D:5)
  4 hound skeletons
  7 mummies (Ossuary)
  15 adders
  2 oozes (D:1)
  4 adder zombies
  3 dart slugs
  4 worms
  5 leopard geckos
  32 orcs
  2 ball pythons
  4 giant cockroaches
  A gnoll zombie (Ossuary)
  4 goblins
  5 hobgoblins
  8 jackals
  5 quokkas
  5 bats
  8 frilled lizards
  A giant cockroach zombie (D:5)
  4 goblin zombies (Ossuary)
  4 hobgoblin zombies (Ossuary)
  A jackal skeleton (D:5)
  11 kobolds
  3 kobold zombies (Ossuary)
  2 quokka skeletons
  6 quokka zombies (Ossuary)
  29 rats
  4 rat zombies (Ossuary)
  5 fungi (D:9)
  A plant (D:9)
312 creatures vanquished.

Vanquished Creatures (others)
  3 fungi (D:9)
  A plant (D:9)
4 creatures vanquished.

Grand Total: 316 creatures vanquished

Notes
Turn   | Place    | Note
-------+----------+-------------------------------------------
     0 | D:1      | KoningWillie the Minotaur Fighter began the quest for the Orb.
     0 | D:1      | Reached XP level 1. HP: 19/19 MP: 0/0
    89 | D:1      | Reached XP level 2. HP: 27/27 MP: 1/1
   257 | D:1      | Reached XP level 3. HP: 33/33 MP: 2/2
   980 | D:2      | Reached XP level 4. HP: 40/41 MP: 3/3
  1037 | D:2      | Reached skill level 5 in Armour
  1684 | D:2      | Reached XP level 5. HP: 47/47 MP: 4/4
  1862 | D:3      | Reached skill level 5 in Fighting
  1862 | D:3      | Reached skill level 5 in Axes
  2150 | D:3      | Found an iron altar of Okawaru.
  2150 | D:3      | Found a bloodstained altar of Trog.
  2159 | D:3      | Became a worshipper of Trog the Wrathful
  2195 | D:3      | Found a radiant altar of Vehumet.
  2393 | D:3      | Reached XP level 6. HP: 43/56 MP: 5/5
  2645 | D:3      | Found a sacrificial altar of Ru.
  2648 | D:3      | Found a glowing golden altar of the Shining One.
  2651 | D:3      | Found a snail-covered altar of Cheibriados.
  3051 | D:4      | Found a sand-covered staircase.
  3060 | Ossuary  | Entered an ossuary
  3117 | Ossuary  | Reached * piety under Trog
  3214 | Ossuary  | Reached XP level 7. HP: 62/62 MP: 6/6
  3788 | Ossuary  | Reached ** piety under Trog
  4417 | D:4      | Found a basalt altar of Yredelemnul.
  4531 | D:5      | Entered Level 5 of the Dungeon
  4576 | D:5      | Found a staircase to the Ecumenical Temple.
  4678 | D:5      | Reached XP level 8. HP: 71/71 MP: 7/7
  4832 | D:5      | Found a deep blue altar of Sif Muna.
  5198 | D:5      | Found an opulent altar of Gozag.
  5198 | D:5      | Found a sparkling altar of Nemelex Xobeh.
  6095 | D:6      | Reached XP level 9. HP: 74/81 MP: 8/8
  6600 | D:6      | Found a burning altar of Makhleb.
  6980 | D:6      | Reached *** piety under Trog
  7518 | D:7      | Reached skill level 10 in Axes
  7821 | D:7      | Found a shattered altar of Ashenzari.
  7835 | D:7      | Noticed Prince Ribbit
  7867 | D:7      | Killed Prince Ribbit
  7867 | D:7      | Reached skill level 10 in Armour
  8740 | D:8      | Reached XP level 10. HP: 88/91 MP: 9/9
  8875 | D:8      | You fall through a shaft for 3 floors!
  8884 | D:10     | Entered Level 10 of the Dungeon
  9194 | D:9      | Reached **** piety under Trog
  9425 | D:9      | Noticed a manticore
  9432 | D:9      | Killed a manticore
  9605 | D:9      | Reached skill level 10 in Fighting
  9948 | D:9      | Noticed Grum
  9960 | D:9      | Killed Grum
 10867 | D:9      | Noticed a two-headed ogre
 10875 | D:9      | Killed a two-headed ogre
 11037 | D:9      | Found a staircase to the Lair.
 11286 | D:9      | Noticed a two-headed ogre
 11286 | D:9      | Noticed a centaur warrior
 11286 | D:9      | Noticed a two-headed ogre
 11710 | D:9      | Got a wavering bronze ring
 11735 | D:10     | Identified the cursed ring of the Bruised Eyes {rPois rF+ EV-4 Dex+2} (You took it off a crimson imp on level 9 of the Dungeon)
 11791 | D:10     | Reached XP level 11. HP: 55/102 MP: 10/10
 11898 | D:10     | Noticed KrissDaBro's ghost (novice TrWr)
 12696 | D:11     | Found a radiant altar of Vehumet.
 12734 | D:10     | Slain by an ogre

Skill      XL: |  1  2  3  4  5  6  7  8  9 10 |
---------------+-------------------------------+-----
Armour         | 4 5 6 7 9 10 12 | 12.7
Fighting       | 4 5 6 7 9 11 | 11.5
Axes           | 3 4 5 6 7 9 11 12 | 12.8
Shields        | |  3.6
Evocations     | |  0.3

Action                   |  1- 3 |  4- 6 |  7- 9 | 10-12 || total
-------------------------+-------+-------+-------+-------++-------
Melee: War axe           |    82 |   188 |   339 |   261 ||   870
       Headbutt          |     5 |    29 |    73 |    70 ||   177
Invok: Trog's Hand       |       |       |       |     1 ||     1
Evoke: Wand              |       |       |     3 |       ||     3
  Use: Scroll            |     1 |     4 |    14 |     3 ||    22
       Potion            |       |       |       |     1 ||     1
  Eat: Meat ration       |       |     2 |       |       ||     2
       Bread ration      |       |       |     5 |     1 ||     6
       Royal jelly       |       |       |       |     4 ||     4
       Fruit             |       |       |       |     1 ||     1
Armor: Plate armour      |    77 |   145 |   205 |   196 ||   623
Dodge: Dodged            |    51 |    58 |   118 |    95 ||   322
